 Dungeon Crawl Stone Soup version 0.32-a0-747-gc8563f6773 (webtiles) character file.

Game seed: 17688238303733204570

364 Alarak the Magician (level 6, -2/48 HPs)
             Began as a Deep Elf Earth Elementalist on Mar 18, 2024.
             Slain by a gnoll
             ... wielding a +0 club
             ... led by a gnoll bouda
              (3 damage)
             ... on level 4 of the Dungeon.
             The game lasted 00:07:34 (3802 turns).

Alarak the Magician (Deep Elf Earth Elementalist)   Turns: 3802, Time: 00:07:34

Health: -2/48      AC:  5    Str:  5    XL:     6   Next: 39%
Magic:  15/17      EV: 11    Int: 22    God:
Gold:   239        SH:  0    Dex: 15    Spells: 10/17 levels left

rFire   + . .        f - staff of conjuration
rCold   . . .        (no shield)
rNeg    . . .        a - +1 robe
rPois   .            c - +0 helmet
rElec   .            (no cloak)
rCorr   .            (no gloves)
SInv    .            l - +0 pair of boots
Will    .....        (no amulet) Stlth
                     o - ring of protection from fire
HPRegen 0.28/turn    (no ring)
MPRegen 0.15/turn

%: no passive effects
@: berserking, about to teleport, weakened, very quick
A: no striking features
a: no special abilities


You were on level 4 of the Dungeon.
You visited 1 branch of the dungeon, and saw 5 of its levels.

You collected 239 gold pieces.

Inventory:

Armour
 a - a +1 robe (worn)
 c - a +0 helmet (worn)
 l - a +0 pair of boots (worn)
Magical Staves
 f - a staff of conjuration (weapon)
 p - a staff of cold
Jewellery
 h - an amulet of guardian spirit
 o - a ring of protection from fire (left hand)
Scrolls
 i - a scroll of immolation
 k - a scroll of fog
 m - a scroll of amnesia
 q - a scroll of teleportation
Potions
 b - 2 potions of magic
 d - a potion of attraction
 g - a potion of degeneration
 j - a potion of brilliance
 n - 2 potions of enlightenment


   Skills:
 - Level 2.4 Dodging
 - Level 2.4 Stealth
 - Level 6.0 Spellcasting
 + Level 5.8 Conjurations
 - Level 3.2 Earth Magic


You had 10 spell levels left.
You knew the following spells:

 Your Spells              Type           Power      Damage    Failure   Level
a - Sandblast             Erth           42%        2d11      2%          1
b - Stone Arrow           Conj/Erth      78%        3d11      4%          3
c - Passwall              Erth           21%        N/A       7%          3

Your spell library contained the following spells:

 Spells                   Type           Power      Damage    Failure   Level
 Ensorcelled Hibernation  Hex/Ice        12%        N/A       14%         2
 Brom's Barrelling Bould  Conj/Erth      39%        2d6       14%         4
 Swiftness                Air            6%         N/A       26%         3
 Petrify                  Alch/Erth      13%        N/A       43%         4


Dungeon Overview and Level Annotations

Branches:
Dungeon (5/15)
 Temple: D:4-7

Altars:
Gozag

Shops:
D:3 (


Message History

You climb downwards.
The gnoll shouts! x4
The gnoll closely misses you. x2; The gnoll hits you with a +0 club.
You hear a shout!
There is a stone staircase leading up here.
The gnoll barely misses you. The gnoll hits you but does no damage.
The gnoll bouda hits you with a +0 whip.
The gnoll barely misses you.
You climb upwards.
There is a stone staircase leading down here.
The blast of sand hits the gnoll bouda.
The gnoll bouda is lightly wounded.
The gnoll bouda hits you but does no damage.
The gnoll hits you with a +0 club. The gnoll closely misses you.
The gnoll barely misses you. The gnoll bouda closely misses you.
The gnoll hits you with a +0 club. The gnoll closely misses you.
The gnoll misses you.
The blast of sand misses the gnoll bouda.
The gnoll bouda barks out a call to the hunt!
The gnolls pick up the pace!
The gnoll completely misses you. The gnoll hits you with a +0 flail.
The gnoll misses you.
Unknown command.
As you read the scroll of teleportation, it crumbles to dust.
You feel strangely unstable.
The gnoll bouda hits you with a +0 whip!
* * * LOW HITPOINT WARNING * * *
The gnoll hits you but does no damage. The gnoll hits you with a +0 flail.
* * * LOW HITPOINT WARNING * * *
The gnoll hits you with a +0 club.
* * * LOW HITPOINT WARNING * * *
A red film seems to cover your vision as you go berserk!
You feel yourself moving faster!
You feel mighty!
The gnoll bouda gazes fiercely through you!
You feel your attacks grow feeble. The gnoll bouda barely misses you.
The gnoll barely misses you. The gnoll hits you with a +0 flail!
* * * LOW HITPOINT WARNING * * *
The gnoll hits you with a +0 club.
You die...

.......# #.#.#.#...#.#
#.#...# .......#
#.#.#.#.#.#.# #.#.###
######## #.#.#.#.#.#.#
#.#.### #.#.#.#.#.#.##
#)#...# #.#.#.#......#
#.#.### #.#.#.###.#..#
#.#.# #...#.#......####.#.#
#.....ggg.........#.#
#...#.#@##.##.#####.#
#...#.#g##.##.#####.###
#####...#.#.##............#
#.......#.#.##.##.#########
#[##.##.#.#.#####.#
#.........#.......#
####....########### ######


You could see a gnoll bouda and 3 gnolls.

Vanquished Creatures
  2 hounds
  Natasha (thrice) (D:2)
  An iguana (D:4)
  An orc wizard (D:4)
  Terence (D:2)
  A hound skeleton (D:3)
  A howler monkey skeleton (D:3)
  3 adders
  2 dart slugs
  13 orcs
  3 ball pythons
  4 bats (D:1)
  4 endoplasms
  3 giant cockroaches
  8 goblins
  11 hobgoblins
  6 jackals (D:2)
  A quokka (D:2)
  A ball python zombie (D:3)
  3 frilled lizards
  12 kobolds
  A quokka skeleton (D:3)
  7 rats
92 creatures vanquished.

Notes
Turn   | Place    | Note
-------+----------+-------------------------------------------
     0 | D:1      | Alarak the Deep Elf Earth Elementalist began the quest for
                  | the Orb.
     0 | D:1      | Reached XP level 1. HP: 10/10 MP: 6/6
   196 | D:1      | Reached skill level 4 in Spellcasting
   196 | D:1      | Reached XP level 2. HP: 15/15 MP: 7/9
   786 | D:1      | Reached XP level 3. HP: 19/19 MP: 9/11
   957 | D:1      | Reached skill level 5 in Spellcasting
  1218 | D:2      | Noticed Natasha
  1231 | D:2      | Killed Natasha
  1232 | D:2      | Reached skill level 6 in Spellcasting
  1232 | D:2      | Reached XP level 4. HP: 5/24 MP: 5/14
  1268 | D:2      | Noticed Natasha
  1502 | D:2      | Found Xila's Antique Weapon Shoppe.
  1524 | D:2      | Noticed Terence
  1534 | D:2      | Killed Terence
  1627 | D:2      | Killed Natasha
  1628 | D:2      | Reached XP level 5. HP: 28/28 MP: 11/15
  1633 | D:2      | Learned a level 3 spell: Stone Arrow
  1637 | D:2      | Learned a level 3 spell: Passwall
  1807 | D:2      | Noticed Natasha
  1967 | D:2      | Killed Natasha
  2414 | D:3      | Found a faded altar of an unknown god.
  2419 | D:3      | Found an opulent altar of Gozag.
  2626 | D:3      | Found Miesmay's Antique Weapon Boutique.
  2902 | D:4      | Reached skill level 5 in Conjurations
  2902 | D:4      | Reached XP level 6. HP: 32/32 MP: 14/17
  3792 | D:5      | Entered Level 5 of the Dungeon
  3802 | D:4      | HP: 1/48 [gnoll/+0 flail[a gnoll bouda] (7)]
  3802 | D:4      | Slain by a gnoll

Illustrated notes

Levels and vault maps discovered:
D:1:      psy_arrival_terrarium, layout_basic, minmay_misc_feat_cross
D:2:      layout_loops_ring, serial_shops, nicolae_shop_back_alley_shop,
          uniq_natasha, uniq_terence
D:3:      layout_rooms, overflow_temple_1_default, serial_undead,
          serial_undead_b, serial_undead_f, serial_undead_e, serial_undead_b,
          serial_undead_a, serial_undead_a, serial_shops, nicolae_shop_trees,
          nicolae_ecumenical_lake_church
D:4:      layout_basic
D:5:      layout_loops_ring, lemuel_coloured_pillars_altar, serial_glass,
          glass_columns_a, glass_columns_b

Skill      XL: |  1  2  3  4  5 |
---------------+----------------+-----
Spellcasting   | 4 6 |  6.0
Conjurations   | 3 5 |  5.8
Dodging        | |  2.4
Stealth        | |  2.4
Earth Magic    | |  3.2

Action                     |  1- 3 |  4- 6 || total
---------------------------+-------+-------++-------
  Melee: Unarmed           |     1 |       ||     1
   Cast: Sandblast         |    47 |    88 ||   135
    Use: Scroll            |     3 |    11 ||    14
         Potion            |       |     1 ||     1
 Armour: Robe              |    11 |    19 ||    30
  Dodge: Dodged            |    11 |    28 ||    39

Table legend: (Time is in decaauts)
 A = Elapsed time spent in this place.
 B = Non-inter-level travel time spent in this place.
 C = Inter-level travel time spent in this place.
 D = Time resting spent in this place.
 E = Time spent auto-exploring this place.
 F = Levels seen in this place.
 G = Mean time per level.
                   A        B        C        D        E       F      G
               +--------+--------+--------+--------+--------+-----+--------+
         Total |   3871 |   3715 |    156 |    210 |   3016 |   5 |  774.2 |
       Dungeon |   3871 |   3715 |    156 |    210 |   3016 |   5 |  774.2 |
               +--------+--------+--------+--------+--------+-----+--------+

Top non-repeatable levels by time:
     D:1: 1175 daAuts
     D:2: 1169 daAuts
     D:4: 945 daAuts
     D:3: 576 daAuts
     D:5: 4 daAuts
